Map: Ulzaan

Players

Specter

  • Race: Protoss Protoss
  • Spawn Location: 1:00

machinepiegu

  • Race: Protoss Protoss
  • League: Gold
  • Spawn Location: 3:00

Throwfordays - Winner!

  • Race: Protoss Protoss
  • League: Silver
  • Spawn Location: 11:00

Faust - Winner!

  • Race: Zerg Zerg
  • League: Diamond
  • Spawn Location: 9:00

VOD

Have the link to the VOD?

Description

Time

  • Played on: March 4, 2019, 10:14 p.m.
  • Length: 13:11
Show
View Real Time Build Order
Export as new Build Order

Specter Protoss 

Build Orders: Oracle Opening 

Get SALT Encoding   

  12  0:01  Probe  
  13  0:13  Probe  
  14  0:26  Pylon  
  14  0:28  Probe  
  15  0:37  Assimilator  
  15  0:40  Probe  
  16  0:50  Probe  
  16  0:54  Gateway  
  17  1:00  Probe  
  18  1:08  Probe  
  18  1:11  Assimilator  
  18  1:16  Probe  
  19  1:23  Forge  
  20  1:29  Probe  
  21  1:35  Protoss Ground Weapons Level 1  
  21  1:41  Probe  
  21  1:46  Cybernetics Core  
  22  1:56  Pylon  
  22  2:10  Pylon  
  22  2:14  Zealot  
  24  2:18  Probe  
  25  2:27  Stargate  
  25  2:36  Photon Cannon  
  25  2:42  Photon Cannon  
  25  3:05  Oracle  
  28  3:22  Nexus  
  28  3:36  Stalker  
  30  3:46  Pylon  
  30  3:51  Void Ray  
  34  4:11  Protoss Air Weapons Level 1  
  34  4:14  Probe  
  35  4:23  Stargate  
  32  4:40  Probe  
  33  4:48  Pylon  
  33  4:53  Void Ray, Probe  
  38  5:03  Probe  
  39  5:09  Void Ray  
  39  5:11  Probe  
  43  5:19  Assimilator, Probe  
  44  5:23  Probe  
  44  5:24  Assimilator  
  46  5:29  Probe  
  47  5:35  Photon Cannon  
  47  5:37  Void Ray, Probe  
  48  5:45  Probe  
  53  5:57  Probe  
  54  6:07  Void Ray  
  54  6:09  Probe  
  59  6:16  Void Ray  
  59  6:22  Probe  
  64  6:34  Probe  
  65  6:46  Probe  
  66  6:48  Stargate  
  66  6:54  Probe  
  67  7:02  Probe  
  68  7:16  Pylon x2  
  68  7:17  Pylon  
  68  7:21  Probe  
  69  7:34  Nexus, Void Ray x2, Probe  
  69  7:35  Void Ray  
  82  7:46  Pylon, Probe  
  83  7:57  Protoss Air Armor Level 1  
  83  7:58  Probe  
  84  8:02  Fleet Beacon  
  84  8:09  Void Ray  
  88  8:26  Assimilator  
  88  8:29  Void Ray  
  88  8:30  Assimilator  
  88  8:31  Void Ray  
  96  9:00  Probe  
  97  9:12  Void Ray, Probe  
  97  9:14  Void Ray  
  106  9:20  Void Ray, Probe  
  111  9:28  Probe  
  112  9:38  Probe  
  112  9:44  Protoss Air Weapons Level 2  
  113  9:50  Probe  
  113  9:52  Pylon  
  114  9:53  Pylon  
  114  9:56  Pylon  
  114  9:57  Pylon x2  
  114  10:02  Probe  
  115  10:10  Void Ray x2  
  115  10:11  Void Ray  
  111  10:53  Void Ray x3  
  67  11:28  Stargate  
  67  11:29  Probe  
  68  11:34  Stargate x2  
  68  11:36  Void Ray  
  68  11:37  Void Ray x2  
  76  11:41  Probe  
  79  11:53  Probe  
  66  12:14  Void Ray  
  70  12:17  Void Ray  
  70  12:18  Void Ray  
  78  12:23  Void Ray  
Show
View Real Time Build Order
Export as new Build Order

machinepiegu Protoss 

Build Orders:  

Get SALT Encoding   

  12  0:00  Probe  
  13  0:13  Probe  
  14  0:20  Pylon  
  14  0:25  Probe  
  15  0:38  Probe  
  15  0:41  Gateway  
  16  0:52  Probe  
  16  0:53  Pylon  
  16  0:55  Assimilator  
  17  1:00  Probe  
  17  1:10  Probe  
  17  1:11  Assimilator  
  19  1:22  Probe  
  20  1:34  Probe  
  20  1:36  Cybernetics Core  
  21  1:43  Pylon  
  21  1:44  Zealot  
  23  1:52  Probe  
  24  2:04  Probe  
  25  2:15  Gateway  
  25  2:20  Stalker  
  25  2:22  Warp Gate  
  27  2:39  Nexus  
  27  2:53  Pylon  
  27  2:59  Probe  
  28  3:11  Probe  
  29  3:23  Probe  
  32  3:40  Robotics Facility  
  32  3:43  Forge  
  32  3:45  Gateway  
  32  3:50  Probe x2  
  34  3:58  Probe x2  
  36  4:02  Protoss Ground Weapons Level 1  
  36  4:06  Probe  
  36  4:07  Probe  
  36  4:14  Probe  
  38  4:19  Probe  
  38  4:21  Sentry  
  42  4:24  Probe  
  43  4:32  Probe  
  43  4:34  Photon Cannon  
  43  4:36  Probe  
  43  4:37  Photon Cannon  
  45  4:44  Probe  
  46  4:48  Probe  
  47  4:56  Probe  
  47  4:59  Stalker x2  
  52  5:00  Probe  
  51  5:08  Probe  
  51  5:13  Robotics Bay  
  52  5:26  Probe x2  
  52  5:27  Nexus  
  54  5:28  Pylon  
  54  5:30  Assimilator  
  54  5:31  Pylon  
  54  5:32  Assimilator  
  54  5:38  Probe x2  
  56  5:43  Pylon  
  56  5:47  Stalker x2  
  60  5:50  Probe  
  61  5:58  Shield Battery, Photon Cannon  
  61  6:10  Extended Thermal Lance  
  61  6:18  Colossus  
  67  6:30  Gateway  
  67  6:32  Gateway  
  67  6:36  Gateway  
  67  6:38  Twilight Council, Gateway  
  67  6:44  Forge  
  67  6:50  Pylon, Probe x2  
  67  6:51  Probe  
  70  6:58  Probe x2  
  70  7:04  Probe  
  70  7:06  Protoss Ground Armor Level 1  
  70  7:07  Protoss Shields Level 1  
  70  7:08  Probe  
  72  7:13  Stalker x2  
  78  7:18  Charge  
  78  7:27  Probe x2  
  78  7:28  Probe  
  81  7:35  Probe  
  81  7:36  Assimilator, Probe x2  
  81  7:37  Assimilator  
  81  7:43  Stalker x2  
  81  7:44  Probe x2  
  88  7:51  Pylon  
  90  7:53  Pylon  
  90  7:55  Pylon  
  90  7:56  Pylon  
  90  7:57  Colossus  
  96  8:18  Probe  
  96  8:19  Probe  
  98  8:20  Probe  
  98  8:22  Nexus  
  98  8:25  Pylon  
  99  8:31  Robotics Facility, Probe  
  99  8:33  Robotics Facility  
  100  8:46  Probe x3  
  109  8:58  Probe  
  109  8:59  Probe  
  111  9:07  Pylon  
  111  9:10  Pylon x2  
  111  9:18  Colossus  
  111  9:20  Colossus  
  111  9:23  Colossus  
  123  9:25  Stalker, Probe  
  123  9:26  Probe x2  
  128  9:36  Protoss Ground Weapons Level 2  
  128  9:37  Probe  
  129  9:45  Pylon  
  129  9:52  Gateway  
  129  9:53  Gateway  
  129  9:59  Gateway  
  129  10:00  Gateway  
  129  10:02  Gateway  
  129  10:05  Stalker  
  129  10:06  Stalker x4  
  129  10:07  Stalker  
  141  10:12  Assimilator x2, Colossus  
  141  10:13  Colossus  
  147  10:14  Stalker  
  147  10:18  Observer  
  156  10:25  Shield Battery  
  156  10:27  Shield Battery  
  118  10:28  Shield Battery  
  118  10:34  Stalker x2  
  118  10:35  Stalker x4  
  122  10:45  Stalker  
  124  10:56  Stalker x5  
  120  11:07  Stalker x2  
  120  11:08  Stalker x3  
  120  11:09  Stalker  
  114  11:17  Stalker  
  85  11:22  Stalker x3  
  60  11:45  Stalker x2  
  60  11:46  Stalker x3  
  56  12:01  Pylon  
  56  12:02  Pylon  
  44  12:11  Stalker x2  
  44  12:12  Stalker x2  
  51  12:25  Zealot x3  
Show
View Real Time Build Order
Export as new Build Order

Throwfordays Protoss - Winner!

Build Orders: Nexus First 

Get SALT Encoding   

  12  0:00  Probe  
  13  0:12  Probe  
  14  0:25  Probe  
  15  0:53  Nexus, Pylon  
  15  1:11  Probe  
  15  1:12  Gateway  
  16  1:19  Assimilator  
  16  1:24  Probe  
  17  1:30  Forge  
  17  1:39  Pylon  
  18  1:40  Probe  
  18  1:52  Probe  
  19  1:56  Assimilator  
  19  2:04  Cybernetics Core, Probe x2  
  21  2:12  Probe  
  21  2:19  Probe  
  21  2:22  Probe  
  24  2:31  Probe  
  24  2:34  Probe  
  26  2:41  Stargate  
  26  2:44  Probe  
  27  2:46  Probe  
  28  2:58  Probe  
  28  2:59  Pylon  
  29  3:06  Pylon  
  29  3:10  Probe  
  30  3:16  Probe  
  31  3:23  Probe  
  31  3:26  Pylon  
  32  3:28  Probe  
  33  3:35  Probe  
  33  3:36  Void Ray  
  33  3:40  Probe  
  39  3:44  Photon Cannon  
  39  3:47  Probe  
  40  3:51  Photon Cannon  
  40  3:52  Probe  
  41  3:59  Photon Cannon, Probe  
  42  4:05  Assimilator, Probe  
  43  4:10  Assimilator, Protoss Shields Level 1  
  43  4:19  Void Ray  
  43  4:20  Protoss Air Weapons Level 1  
  47  4:29  Cybernetics Core  
  44  4:39  Probe  
  45  4:49  Photon Cannon  
  45  4:52  Photon Cannon, Probe  
  46  4:56  Photon Cannon  
  46  5:03  Void Ray  
  46  5:04  Probe  
  51  5:13  Probe  
  52  5:16  Probe  
  53  5:24  Stargate  
  53  5:25  Probe  
  54  5:29  Probe  
  55  5:37  Probe  
  55  5:41  Probe  
  57  5:46  Void Ray  
  61  5:54  Probe  
  62  6:03  Nexus  
  62  6:06  Assimilator  
  62  6:10  Assimilator, Protoss Air Armor Level 1  
  62  6:14  Pylon, Warp Gate  
  62  6:20  Pylon  
  62  6:21  Probe  
  62  6:25  Probe  
  64  6:30  Void Ray  
  68  6:32  Void Ray  
  68  6:33  Probe  
  68  6:37  Probe  
  74  6:45  Twilight Council, Probe  
  75  6:49  Probe  
  76  6:57  Probe  
  76  6:59  Pylon  
  76  7:00  Pylon  
  77  7:01  Probe  
  77  7:02  Pylon  
  77  7:04  Pylon  
  77  7:06  Pylon  
  77  7:08  Pylon  
  78  7:09  Probe  
  78  7:13  Probe  
  80  7:18  Probe  
  80  7:21  Probe  
  82  7:24  Void Ray  
  82  7:25  Probe  
  87  7:30  Probe  
  87  7:33  Probe  
  87  7:36  Void Ray  
  93  7:38  Probe  
  93  7:42  Probe  
  95  7:46  Probe  
  95  7:49  Nexus  
  95  7:50  Probe  
  97  7:52  Pylon  
  97  7:54  Probe  
  98  8:01  Protoss Shields Level 2  
  98  8:06  Probe  
  98  8:07  Fleet Beacon  
  98  8:09  Stargate  
  99  8:14  Stargate  
  99  8:18  Probe  
  100  8:29  Void Ray  
  100  8:32  Void Ray  
  108  8:42  Assimilator  
  108  8:46  Assimilator  
  108  8:48  Probe  
  109  8:53  Void Ray  
  113  8:57  Void Ray  
  113  9:02  Protoss Air Weapons Level 2  
  117  9:10  Protoss Air Armor Level 2  
  117  9:12  Void Ray  
  121  9:24  Probe  
  122  9:36  Void Ray, Probe  
  122  9:38  Void Ray  
  127  9:42  Void Ray  
  135  9:48  Probe  
  135  9:50  Pylon  
  135  9:51  Pylon  
  135  9:52  Pylon  
  136  9:54  Void Ray  
  140  10:00  Probe  
  141  10:12  Probe  
  110  11:21  Void Ray x4  
  114  12:04  Void Ray x4  
Show
View Real Time Build Order
Export as new Build Order

Faust Zerg - Winner!

Build Orders: Hatch First, Roach Hydra 

Get SALT Encoding   

  12  0:01  Drone  
  13  0:17  Drone  
  13  0:20  Extractor  
  13  0:21  Drone  
  14  0:24  Overlord  
  15  0:47  Drone x2  
  17  1:01  Hatchery  
  17  1:02  Drone  
  17  1:13  Spawning Pool  
  17  1:18  Extractor, Drone  
  16  1:24  Drone  
  17  1:28  Drone  
  18  1:33  Drone  
  19  1:44  Overlord  
  19  2:00  Queen  
  21  2:01  Zergling x2  
  21  2:06  Zergling x2  
  23  2:15  Spine Crawler  
  22  2:16  Queen  
  22  2:17  Drone  
  22  2:18  Drone  
  26  2:24  Metabolic Boost  
  26  2:29  Drone  
  27  2:32  Drone  
  27  2:35  Drone  
  29  2:43  Drone  
  30  2:59  Drone x4  
  30  3:04  Spore Crawler  
  33  3:07  Spore Crawler, Overlord  
  32  3:21  Drone x2  
  32  3:25  Drone x2  
  36  3:28  Drone x2  
  36  3:30  Overlord x2  
  38  3:38  Lair  
  38  3:51  Drone x3  
  41  4:05  Drone  
  41  4:07  Roach Warren, Drone  
  42  4:10  Overlord  
  42  4:13  Hatchery  
  42  4:14  Extractor, Drone  
  41  4:24  Extractor  
  40  4:25  Drone x3  
  40  4:26  Drone x2  
  40  4:27  Extractor, Drone  
  45  4:42  Drone x2  
  47  4:49  Hydralisk Den  
  46  4:55  Evolution Chamber x2  
  42  5:04  Drone x5  
  42  5:05  Drone x3  
  42  5:06  Drone x3  
  53  5:16  Queen  
  55  5:23  Zerg Ground Armor Level 1, Zerg Missile Weapons Level 1  
  55  5:27  Grooved Spines  
  55  5:28  Drone  
  55  5:29  Drone x4  
  55  5:33  Spore Crawler  
  55  5:35  Drone x2  
  61  5:44  Overseer  
  61  5:46  Drone  
  62  5:53  Extractor  
  62  5:54  Queen  
  62  5:55  Extractor, Drone x2  
  62  5:56  Drone x2  
  66  5:58  Drone x2  
  68  6:07  Nydus Network  
  68  6:08  Drone x4  
  71  6:18  Glial Reconstitution  
  71  6:36  Hydralisk  
  71  6:38  Overlord  
  71  6:39  Overlord x6  
  73  6:52  Hatchery  
  72  6:56  Infestation Pit  
  72  6:57  Spore Crawler, Hydralisk  
  72  6:58  Hydralisk x6  
  84  7:06  Hydralisk x4  
  84  7:07  Hydralisk x3  
  98  7:19  Pneumatized Carapace  
  98  7:20  Burrow  
  98  7:25  Hydralisk  
  100  7:35  Muscular Augments  
  100  7:42  Zerg Missile Weapons Level 2  
  100  7:45  Drone  
  100  7:46  Drone x7  
  100  7:48  Overlord x5  
  100  7:49  Overlord x2  
  108  8:08  Hive  
  108  8:16  Zerg Ground Armor Level 2  
  108  8:19  Zergling x8  
  116  8:20  Zergling x16  
  120  8:32  Drone x5  
  120  8:33  Drone x3  
  128  8:46  Zergling x2  
  128  8:47  Zergling x10  
  134  8:54  Roach  
  134  8:55  Roach x7  
  150  8:59  Tunneling Claws  
  150  9:04  Zergling x2  
  150  9:05  Zergling x14  
  158  9:19  Roach x5  
  158  9:23  Overlord  
  158  9:24  Overlord x5  
  168  9:43  Roach x6  
  180  9:48  Adrenal Glands  
  180  9:53  Ultralisk Cavern  
  180  9:56  Spire  
  178  10:29  Extractor, Drone x3  
  178  10:30  Drone x3  
  178  10:31  Extractor  
  168  10:54  Ultralisk x5  
  158  11:13  Zergling x2  
  158  11:14  Zergling x28  
  158  11:15  Zergling x2  
  169  11:25  Roach x7  
  169  11:38  Hatchery  
  140  11:54  Hatchery  
  140  11:58  Drone x2  
  140  11:59  Drone x2  
  137  12:14  Zergling x2  
  137  12:15  Zergling x32  
  134  12:44  Zergling x20  
  134  12:45  Zergling x10  
Tags
 
Add a new tag
Caveats
  • Supply blocks, unpowered buildings, or Contaminate may cause inaccurate times.
  • Supply counts are checked every 10 seconds.